 Dungeon Crawl Stone Soup version 0.25.1-2-g60ff931df9 (webtiles) character file.

Game seed: 9396608519608445858

177 Borneo the Chopper (level 5, -1/41 HPs)
             Began as a Demonspawn Berserker on Oct 23, 2020.
             Was a Believer of Trog.
             Succumbed to an orc wizard's poison
             ... on level 3 of the Dungeon.
             The game lasted 00:15:42 (3309 turns).

Borneo the Chopper (Demonspawn Berserker)           Turns: 3309, Time: 00:15:42

Health: -1/41      AC:  3    Str: 19    XL:     5   Next: 30%
Magic:  5/5        EV: 13    Int:  8    God:    Trog [**....]
Gold:   149        SH:  0    Dex: 12    Spells: 4/4 levels left

rFire    . . .     SeeInvis .   a - +0 hand axe
rCold    . . .     Gourm    .   (no shield)
rNeg     . . .     Faith    .   b - +0 animal skin
rPois    .         Spirit   .   (no helmet)
rElec    .         Reflect  .   (no cloak)
rCorr    .         Harm     .   g - +0 pair of gloves
MR       ++...                  (no boots)
Stlth    +.........             (no amulet)
HPRegen  1.13/turn              (no ring)
MPRegen  0.09/turn              (no ring)

@: lethally poisoned (-1 -> -4), berserk cooldown, regenerating, slowed, very
slow
A: powered by pain 1, rot immunity
a: Berserk, Trog's Hand, Renounce Religion


You were on level 3 of the Dungeon.
You worshipped Trog.
Trog was pleased with you.
You were near starving.

You visited 1 branch of the dungeon, and saw 3 of its levels.

You collected 149 gold pieces.

Inventory:

Hand Weapons
 a - a +0 hand axe (weapon)
Armour
 b - a +0 animal skin (worn)
 g - a +0 pair of gloves (worn)
Jewellery
 e - an uncursed amulet of regeneration {unknown}
 h - an uncursed ring of positive energy {unknown}
Scrolls
 d - 4 scrolls of teleportation {unknown}
 k - a scroll of amnesia {unknown}
 l - a scroll of immolation {unknown}
 m - 3 scrolls of identify {unknown}
 n - a scroll of remove curse {unknown}
Potions
 i - a potion of curing {unknown}
 j - a potion of might {unknown}
Comestibles
 c - 4 rations


   Skills:
 + Level 3.6 Fighting
 + Level 4.2 Axes
 + Level 1.8 Armour
 + Level 3.2 Dodging
 + Level 0.6 Stealth


You had 4 spell levels left.
You didn't know any spells.
Your spell library was empty.

Dungeon Overview and Level Annotations

Branches:
Dungeon (3/15)

Altars:
Xom


Innate Abilities, Weirdness & Mutations

You sometimes gain a little power by taking damage.
You are immune to rotting.


Message History

You are lethally poisoned!
The orc hits you but does no damage.
You hit the orc.
The orc is heavily wounded.
* * * LOW HITPOINT WARNING * * *
You feel very sick. Something hits you but does no damage.
The orc closely misses you. The orc hits you with a +0 dagger.
* * * LOW HITPOINT WARNING * * *
Something hits you.
* * * LOW HITPOINT WARNING * * *
You are more poisoned.
Your skin crawls.
You feel resistant to hostile enchantments.
You are near starving!
* * * LOW HITPOINT WARNING * * *
You feel very sick. The orc barely misses you. Something hits you.
* * * LOW HITPOINT WARNING * * *
You die...

##.. #.# #.######### #...
#.# #.# #... #.# #.# #...
#.# #.#########
#..####.#####.##......#
#####.............##.####÷#
........############.# #..
####...{o).# #.# ###
#....##@# #.# #........#
#÷# #....##..# ###.# #### .
#....##..# #...# #... ..
#........# #.### #.##
..>#######....##..# #.# #.#
#.........##.#...# #.# #.#
.......#.)##.....# #.# #.#
#............# ##.## #.#


You could see an orc.

Vanquished Creatures
  8 adders
  An ooze (D:2)
  4 worms
  2 dart slugs (D:2)
  9 orcs (D:3)
  3 bats
  3 giant cockroaches
  9 goblins
  9 hobgoblins
  7 jackals
  A frilled lizard (D:2)
  10 kobolds
  4 rats
70 creatures vanquished.

Notes
Turn   | Place    | Note
-------+----------+-------------------------------------------
     0 | D:1      | Borneo the Demonspawn Berserker began the quest for the
                  | Orb.
     0 | D:1      | Reached XP level 1. HP: 18/18 MP: 1/1
   247 | D:1      | Gained mutation: You are immune to rotting. [demonic
                  | ancestry]
   247 | D:1      | Reached XP level 2. HP: 22/24 MP: 2/2
   342 | D:1      | Reached skill level 3 in Axes
   834 | D:2      | Reached XP level 3. HP: 29/29 MP: 3/3
  1283 | D:2      | Reached XP level 4. HP: 35/35 MP: 4/4
  1410 | D:2      | Found a shimmering altar of Xom.
  1416 | D:2      | Reached ** piety under Trog
  2749 | D:3      | Reached skill level 4 in Axes
  2786 | D:3      | Gained mutation: You sometimes gain a little power by
                  | taking damage. [demonic ancestry]
  2786 | D:3      | Reached XP level 5. HP: 38/41 MP: 5/5
  3308 | D:3      | HP: 2/41 [poisoned by an orc wizard]
  3309 | D:3      | Succumbed to an orc wizard's poison

Illustrated notes

Levels and vault maps discovered:
D:1:      dpeg_arrival_fog, layout_basic
D:2:      layout_basic, overflow_temple_1_default, first_ration,
          kennysheep_generic_room_10
D:3:      layout_loops_ring, overflow_temple_1_default, uniq_ijyb

Skill      XL: |  1  2  3  4 |
---------------+-------------+-----
Axes           | 3 4 |  4.2
Dodging        | 2 3 |  3.2
Fighting       | |  3.6
Armour         | |  1.8
Stealth        | |  0.6

Action                   |  1- 3 |  4- 6 || total
-------------------------+-------+-------++-------
Melee: Hand axe          |   113 |   141 ||   254
Invok: Berserk           |     5 |     5 ||    10
       Trog's Hand       |       |     1 ||     1
  Eat: Chunk             |     5 |     7 ||    12
       Ration            |       |     1 ||     1
Armor: Animal skin       |    40 |    21 ||    61
Dodge: Dodged            |    91 |    92 ||   183
